Description

Build Order

  • 17 Hatch
  • 18 gas
  • 17 pool
  • @pool - 2 queens + 4 lings (2x2 pairs)
  • @100-gas - Start ling speed and pull all 3 off gas
  • 32 3rd base
  • 32 3rd queen
  • 34 overlord
  • 36 overlord
  • 3:15-3:30 - back on gas
  • 3:45 - this is where your build should usually respond to what your opponent is doing

Defending pressure ZvP:https://www.youtube.com/watch?v=xqBjuwVCl5A

Defending Archon drops:https://www.youtube.com/watch?v=ZsNU1hLj5mg

Vs Oracle Branch

  • Scouted by seeing SG + 2 extra gates around 3:20.
  • 3:45 - spore at each base, heavy drones + extra overlords (so you can build lings reactively if you see adepts move out)
  • Poke with lings to check if lots of adepts building
  • 5:00 bane nest or roach warren

Vs Glaive adepts/Archon Drop

  • Scouted by seeing Early twilight Council
  • 3:45 Roach warren + Lair + 2nd gas
  • 10+ roaches and
  • 4:30 spore in each base if you think it could be dt/archon drop

Interestingly Namshar often doesn’t even attempt to overlord scout - maybe knowing that Showtime often gets a stalker to deny it - and decides to play super middle of the road, safe vs everything. If you can’t scout or want to try this super generic style.

  • 3:50/50 supply 3x spores + Roach Warren
    • Bonus points for starting only the one in the most exposed base on 3:50 and delaying the others another 10-15 seconds as the oracle will take longer to reach them
  • @RW(56 supply) - 8 roaches
    • And some speedlings if its a fast adept pressure
    • Some extra queens if it’s archon pressure
    • Delay roaches until about 5:15 if you spot a stargate opening
  • 5:00/80 supply - 2xgas
  • From here transition as you like based on your style

VOD

https://www.youtube.com/watch?v=dMR1Ky37OBk

Replay - Namshar v ShoWTimE: Game 5 - Honorgrounds LE

Build Order

Get SALT Encoding   

  12  0:01  Drone  
  13  0:12  Overlord  
  13  0:18  Drone  
  14  0:31  Drone x3  
  17  0:52  Hatchery  
  17  0:56  Drone x2  
  18  1:09  Extractor  
  17  1:14  Spawning Pool  
  17  1:17  Drone x2  
  18  1:28  Drone  
  19  1:38  Overlord  
  20  2:00  Queen x2  
  20  2:01  Zergling x4  
  26  2:09  Metabolic Boost  
  32  2:41  Hatchery  
  31  2:49  Queen  
  34  2:54  Overlord  
  35  3:02  Overlord  
  44  3:25  Queen  
  48  3:39  Overlord  
  48  3:45  Spore Crawler  
  48  3:51  Roach Warren  
  48  3:53  Spore Crawler  
  52  4:13  Spore Crawler  
  68  4:31  Roach x7  
  70  4:40  Zergling x6  
  70  4:45  Roach  
  77  4:59  Extractor  
Spawning Tool Build Advisor. Get it on Overwolf

Analysis

Notes:

  • You want to scale back your ingame timer benchmarks based on your league as you won’t hit everything as well as Namshar. Or simply use the supply count as that ensures you have everything else you need before doing each step.
  • I still think scouting and having a tailored response for each situation and understanding what corners you can cut is going to help you learn to understand ZvP the best
  • This is just great for when you find yourself messing up your scouting or the protoss being very determined to hide what they’re up to

Go to:

Details

  • Created by: PiG      
  • Published on: May 15, 2017
  • Modified on: May 15, 2017
  • Patch: 3.8.0
Show
View Real Time Build Order
Export as new Build Order

Comments (2)

On May 22, 2017, 2:34 a.m., PiG  said:

Nope Your hatchery finishes and puts you up to /36 supply

On May 20, 2017, 8:25 p.m., Prior  said:

Don't you need an overlord between 20 and 30?

Create an account to comment!